AoeStats
← Ekaterina

Nomad

507876560Analyzed
4v4 RM · 12d ago on Sep 20, 2026· 42m 33s· 8 players
Game mode
Random Map
Map size
231×231
Population
200
Speed
Normal
Resources
Standard
Victory
Conquest
Starting age
Dark Age
Ending age
Imperial Age
RankedLock teamsTeams togetherTeam positionsShared explorationLock speedFull tech treeHidden civsTurbo modeCheats
Victory
Defeat
🇨🇴 Vietnamese · Colombia
1262
+3
🇨🇴 Burmese · Colombia
894
+14
🇲🇽 Gurjaras · Mexico
855
+16
🇨🇴 Georgians · Colombia
460
+29
🇺🇾 Cumans · Uruguay
898
-17
🇦🇺 Jurchens · Australia
888
-17
🇦🇺 Franks · Australia
877
-16
🇺🇾 Magyars · Uruguay
769
-18
electricus10
7:15 Loom
11:07 Loom
14:19 Feudal Age
14:50 Double-Bit Axe
14:59 Fishing Lines
23:17 Castle Age
23:49 Wheelbarrow
24:39 Bloodlines
25:30 Forging
25:44 Horse Collar
26:16 Bow Saw
26:42 Husbandry
26:52 Scale Barding Armor
32:57 Imperial Age
31:04 Treadmill Crane
31:14 Town Watch
33:10 Iron Casting
32:52 Gold Mining
34:06 Heavy Camel Rider
36:15 Gillnets
37:28 Stone Mining
40:20 Chemistry
40:00 Chain Barding Armor
40:45 Conscription
41:46 Scale Mail Armor
42:18 Hand Cart
Cr3wCo
3:09 Loom
14:57 Feudal Age
15:49 Double-Bit Axe
15:57 Stone Mining
15:59 Gold Mining
16:26 Town Watch
19:07 Castle Age
18:00 Town Watch
18:10 Fletching
19:01 Forging
20:21 Medium Warships
21:00 Wheelbarrow
24:50 Bodkin Arrow
25:05 Fishing Lines
28:07 Gillnets
29:00 Padded Archer Armor
30:12 Hand Cart
30:28 Ballistics
30:21 Bow Saw
31:12 Horse Collar
35:35 Imperial Age
33:13 Scale Mail Armor
33:48 Iron Casting
33:29 Leather Archer Armor
33:38 Pikeman
34:18 Squires
34:04 Arson
34:38 Chain Mail Armor
34:26 Heavy Plow
36:06 Murder Holes
36:22 Crossbowman
37:07 Thumb Ring
37:38 Bracer
39:25 Chemistry
38:31 Siege Engineers
39:44 Plate Mail Armor
39:49 Ring Archer Armor
39:47 Paper Money
39:21 Arbalester
41:54 Crop Rotation
42:35 Hoardings
42:17 Halberdier
AngeloCDLM1946
3:26 Loom
13:44 Feudal Age
13:49 Man-at-Arms
14:40 Town Watch
18:35 Fishing Lines
27:59 Wheelbarrow
28:08 Horse Collar
31:11 Castle Age
29:16 Double-Bit Axe
29:56 Gold Mining
29:57 Stone Mining
32:13 Town Patrol
32:29 Hand Cart
32:12 Pikeman
42:26 Light Cavalry
jsanchezg711
6:20 Loom
14:52 Feudal Age
15:26 Horse Collar
17:21 Wheelbarrow
17:40 Gold Mining
20:54 Town Watch
21:15 Stone Mining
23:45 Forging
23:59 Scale Barding Armor
28:16 Castle Age
29:13 Husbandry
29:43 Hand Cart
33:50 Gold Shaft Mining
34:05 Chain Barding Armor
38:51 Squires
Radolf
4:50 Loom
14:59 Feudal Age
16:19 Wheelbarrow
15:31 Town Watch
15:38 Double-Bit Axe
15:53 Horse Collar
18:48 Gold Mining
20:01 Fletching
24:17 Scale Barding Armor
24:18 Stone Mining
26:33 Castle Age
25:48 Forging
29:31 Bodkin Arrow
niminaroc
13:11 Feudal Age
22:43 Castle Age
21:18 Stone Mining
21:21 Double-Bit Axe
24:58 Steppe Husbandry
26:14 Fletching
26:25 Padded Archer Armor
Ekaterina
18:54 Feudal Age
19:33 Double-Bit Axe
Gneisenau HK
9:05 Loom
15:31 Feudal Age
15:55 Fishing Lines
16:43 Double-Bit Axe
19:34 Castle Age
21:27 Wheelbarrow
22:36 Gillnets
25:12 Bow Saw
25:48 Husbandry
28:45 Scale Barding Armor
28:51 Forging
31:14 Iron Casting
30:59 Chain Barding Armor
34:02 Chain Barding Armor
Connection lost

Rejoining the realm…

Still unreachable

The connection could not be restored.

Session expired

The server has moved on; the page needs a fresh start.